 Dungeon Crawl Stone Soup version 0.21.0-3-g78d12a8 (webtiles) character file.

13531 MTVSty1e the Severer (level 12, -15/100 HPs)
             Began as a Formicid Gladiator on Jan 12, 2018.
             Was a High Priest of Okawaru.
             Demolished by an ice devil (18 damage)
             ... in an ice cave.
             The game lasted 00:25:03 (13883 turns).

MTVSty1e the Severer (Formicid Gladiator)          Turns: 13883, Time: 00:25:05

Health: -15/100    AC: 13    Str: 27    XL:     12   Next: 33%
Magic:  12/12      EV:  8    Int: 10    God:    Okawaru [*****.]
Gold:   224        SH:  0    Dex: 14    Spells: 11/11 levels left

rFire    + . .     SeeInvis +   c - +1 war axe (elec)
rCold    . . .     Gourm    .   (no shield)
rNeg     . . .     Faith    .   j - +0 plate armour
rPois    +         Spirit   .   (helmet unavailable)
rElec    +         Reflect  .   A - +1 cloak {rPois}
rCorr    .         Harm     .   n - +0 pair of gloves
MR       +....                  (no boots)
Stlth    ..........             (no amulet)
HPRegen  0.26/turn              u - ring of protection from fire
MPRegen  0.13/turn              g - ring of the Fool {rElec Dex+2}

@: mighty
A: permanent stasis, dig shafts and tunnels, four strong arms, antennae 3
a: Dig, Shaft Self, Heroism, Finesse, Renounce Religion


You were in an ice cave.
You worshipped Okawaru.
Okawaru was extremely pleased with you.
You were hungry.

You visited 3 branches of the dungeon, and saw 16 of its levels.
You also visited: Ice Cave.

You collected 575 gold pieces.
You spent 351 gold pieces at shops.

Inventory:

Hand Weapons
 a - a +0 war axe of chopping
 c - a +1 war axe of electrocution (weapon)
 E - a +1 whip of flaming
 G - a +3 hand axe
Armour
 j - a +0 plate armour (worn)
 n - a +0 pair of gloves (worn)
 A - a +1 cloak of poison resistance (worn)
Jewellery
 g - the ring of the Fool (right hand) {rElec Dex+2}
   (You acquired it on level 9 of the Dungeon)

   [ring of dexterity]

   It affects your dexterity (+2).
   It insulates you from electricity.
 o - an uncursed ring of stealth
 u - a ring of protection from fire (left hand)
 v - an uncursed amulet of magic regeneration
Wands
 b - a wand of digging (14)
 i - a wand of flame (51)
 y - a wand of disintegration (18)
 z - a wand of acid (17)
 D - a wand of paralysis (6)
Scrolls
 e - a scroll of enchant armour
 f - 2 scrolls of identify
 h - 3 scrolls of amnesia
 m - a scroll of magic mapping
 r - a scroll of remove curse
 s - a scroll of enchant weapon
 x - 2 scrolls of fog
Potions
 k - 6 potions of curing
 l - a potion of brilliance
 p - 4 potions of lignification
 q - a potion of cancellation
 w - a potion of mutation
Comestibles
 d - 20 rations


   Skills:
 + Level 11.4 Fighting
 * Level 16.2 Axes
 - Level 2.0 Throwing
 - Level 2.6 Dodging


You had 11 spell levels left.
You didn't know any spells.

Dungeon Overview and Level Annotations

Branches:
Dungeon (14/15)            Temple (1/1) D:5            Lair (1/6) D:9
    Orc (0/2) D:12
 Vaults: D:13-14

Altars:
Ashenzari
Cheibriados
Dithmenos
Elyvilon
Fedhas
Gozag
Hepliaklqana
Kikubaaqudgha
Makhleb
Nemelex Xobeh
Okawaru
Qazlal
Ru
Sif Muna
Trog
Uskayaw
Vehumet
Wu Jian
Xom
Yredelemnul
Zin
The Shining One

Shops:
D:7 [   D:8 (

Annotations:
D:2 exclusion: oklob plant IceCv exclusion: ice statue


Innate Abilities, Weirdness & Mutations

You cannot be hasted, slowed, berserked, paralysed or teleported.
You can dig through walls and to a lower floor.
Your four strong arms can wield two-handed weapons with a shield.
You have a pair of large antennae on your head. (SInv)


Message History

* * * LOW HITPOINT WARNING * * *
Okay, then.
Okay, then.
As you read the scroll of fear, it crumbles to dust.
You assume a fearsome visage.
The ice devil is unaffected. x2
The ice devil barely misses you. The ice devil hits you.
* * * LOW HITPOINT WARNING * * *
The ice devil freezes you!
* * * LOW HITPOINT WARNING * * *
Okay, then.
You feel very mighty all of a sudden.
The ice devil hits you but does no damage. x2
You slash the ice devil!
Lightning courses through the ice devil!
You kill the ice devil!
Okawaru accepts your kill.
You barely miss the ice devil. The ice devil hits you.
* * * LOW HITPOINT WARNING * * *
The ice devil freezes you!!
You die...

## #. { ####. { ###.#..
###...... ####........
### ######...........
##)..##.........#......
#)....@......#.###.....
#....4##..###### ##....
###... ##...# #####
###. #...# ## ...##
...## ..### ###


You could see an ice devil.

Vanquished Creatures
  Kirke (D:13)
  A two-headed ogre (D:9)
  Pikel (D:8)
  2 deep elf magi
  A manticore (D:14)
  A cyclops (D:13)
  A naga mage (D:11)
  An ice statue (IceCv)
  A gargoyle (D:11)
  Psyche (D:8)
  An ice devil (IceCv)
  A troll (D:9)
  3 slime creatures (D:13)
  A hornet (D:10)
  Grinder (D:5)
  2 hippogriffs
  A spriggan (D:7)
  2 wyverns (D:12)
  2 steam dragons (D:12)
  2 hogs (D:13)
  A hungry ghost (D:10)
  3 sky beasts
  6 orc warriors
  4 slaves (D:8)
  2 phantoms
  4 ice beasts
  A necrophage (D:7)
  A black bear (D:9)
  An eye of draining (D:10)
  7 ogres
  A crocodile (D:8)
  A gnoll sergeant (D:7)
  3 bullfrogs (D:6)
  A wyvern skeleton (D:9)
  A scorpion (D:4)
  5 killer bees (D:13)
  10 crimson imps
  2 howler monkeys
  2 centaur zombies
  5 jellies
  A centaur skeleton (D:9)
  8 hounds
  A bullfrog skeleton (D:12)
  11 orc priests
  3 iguanas
  10 orc wizards
  5 worker ants
  A killer bee zombie (D:6)
  2 hound skeletons
  3 worker ant zombies
  10 gnolls
  8 adders
  A shadow imp (D:9)
  8 white imps (IceCv)
  6 ufetubi (IceCv)
  2 oozes
  An adder skeleton (D:4)
  An adder zombie (D:9)
  5 worms
  3 dart slugs
  3 leopard geckos
  60 orcs
  6 bats
  3 giant cockroaches
  17 goblins
  12 hobgoblins
  10 jackals
  3 quokkas
  A ball python (D:1)
  A frilled lizard (D:3)
  A jackal zombie (D:8)
  8 kobolds
  A leopard gecko skeleton (D:6)
  2 leopard gecko zombies
  8 rats
314 creatures vanquished.

Vanquished Creatures (others)
  A human (D:13)
  2 white imps (IceCv)
3 creatures vanquished.

Grand Total: 317 creatures vanquished

Notes
Turn   | Place    | Note
-------+----------+-------------------------------------------
     0 | D:1      | MTVSty1e the Formicid Gladiator began the quest for the Orb.
     0 | D:1      | Reached XP level 1. HP: 16/16 MP: 1/1
   120 | D:1      | Reached XP level 2. HP: 22/22 MP: 2/2
   503 | D:1      | Reached skill level 4 in Axes
   503 | D:1      | Reached XP level 3. HP: 17/27 MP: 3/3
  1392 | D:2      | Reached XP level 4. HP: 25/33 MP: 4/4
  1706 | D:2      | Found a blossoming altar of Fedhas.
  1723 | D:2      | Noticed an oklob plant
  1845 | D:3      | Reached skill level 5 in Axes
  1924 | D:3      | Reached XP level 5. HP: 38/38 MP: 5/5
  2119 | D:3      | Found a shattered altar of Ashenzari.
  2804 | D:3      | Reached skill level 6 in Axes
  3291 | D:4      | Reached XP level 6. HP: 31/44 MP: 6/6
  3683 | D:4      | HP: 1/66 [iguana (6)]
  3685 | D:4      | Reached skill level 11 in Axes
  3685 | D:4      | Reached XP level 7. HP: 2/65 MP: 7/7
  4130 | D:5      | Entered Level 5 of the Dungeon
  4149 | D:5      | Noticed Grinder
  4166 | D:5      | Killed Grinder
  4166 | D:5      | Reached XP level 8. HP: 58/72 MP: 8/8
  4697 | D:5      | Found a staircase to the Ecumenical Temple.
  4711 | Temple   | Entered the Ecumenical Temple
  4718 | Temple   | Became a worshipper of Warmaster Okawaru
  5170 | D:5      | Noticed a moth of wrath
  5172 | D:5      | Found a bloodstained altar of Trog.
  5224 | D:5      | Found an opulent altar of Gozag.
  5440 | D:6      | Reached XP level 9. HP: 78/78 MP: 9/9
  5473 | D:6      | Reached skill level 12 in Axes
  6049 | D:6      | Reached * piety under Okawaru
  6762 | D:7      | Found a glowing silver altar of Zin.
  7026 | D:7      | Noticed a hippogriff
  7033 | D:7      | Killed a hippogriff
  7033 | D:7      | Reached ** piety under Okawaru
  7033 | D:7      | Reached XP level 10. HP: 51/85 MP: 10/10
  7303 | D:7      | Reached skill level 13 in Axes
  7304 | D:7      | Found Voetavvixt's Antique Armour Shop.
  7320 | D:7      | Bought a glowing cloak for 195 gold pieces
  8042 | D:8      | Noticed Psyche
  8053 | D:8      | Killed Psyche
  8159 | D:8      | Noticed Pikel
  8181 | D:8      | Killed Pikel
  8181 | D:8      | Reached skill level 14 in Axes
  8399 | D:8      | Reached *** piety under Okawaru
  8589 | D:8      | Found a glowing silver altar of Zin.
  8661 | D:8      | Found Leprytiu's Antique Weapon Emporium.
  8664 | D:8      | Bought a runed war axe for 156 gold pieces
  8852 | D:8      | Found a shimmering altar of Xom.
  9541 | D:9      | Found a staircase to the Lair.
  9591 | Lair:1   | Entered Level 1 of the Lair of Beasts
  9703 | D:9      | Noticed a two-headed ogre
  9708 | D:9      | Killed a two-headed ogre
  9708 | D:9      | Reached XP level 11. HP: 74/90 MP: 8/11
  9776 | D:9      | Reached **** piety under Okawaru
  9959 | D:9      | Identified a scroll of acquirement
  9962 | D:9      | Got a shimmering amber ring
  9963 | D:9      | Identified the ring of the Fool {rElec Dex+2} (You acquired it on level 9 of the Dungeon)
 10554 | D:10     | Entered Level 10 of the Dungeon
 10650 | D:10     | Reached skill level 10 in Fighting
 11423 | D:11     | Reached skill level 15 in Axes
 11451 | D:11     | Noticed a deep elf mage
 11459 | D:11     | Received a gift from Okawaru
 11460 | D:11     | Killed a deep elf mage
 11515 | D:11     | Noticed a deep elf mage
 11533 | D:11     | You fall through a shaft for 3 floors!
 11741 | D:14     | Noticed a manticore
 11754 | D:14     | Killed a manticore
 12065 | D:13     | Noticed a deep elf mage
 12073 | D:13     | Killed a deep elf mage
 12079 | D:13     | Reached ***** piety under Okawaru
 12431 | D:13     | Noticed Kirke
 12445 | D:13     | Noticed a lindwurm
 12450 | D:13     | Killed Kirke
 12450 | D:13     | Received a gift from Okawaru
 12450 | D:13     | Reached XP level 12. HP: 78/100 MP: 10/12
 12807 | D:13     | Reached skill level 16 in Axes
 13065 | D:12     | Found a frozen archway.
 13174 | IceCv    | Entered an ice cave
 13883 | IceCv    | HP: 3/100 [ice devil (4)]
 13883 | IceCv    | Demolished by an ice devil

Skill      XL: |  1  2  3  4  5  6  7  8  9 10 11 12 |
---------------+-------------------------------------+-----
Axes           | 4 5 6 11 12 14 15 16 | 16.2
Fighting       | 9 11 | 11.4
Throwing       | |  2.0
Dodging        | |  2.6

Action                   |  1- 3 |  4- 6 |  7- 9 | 10-12 || total
-------------------------+-------+-------+-------+-------++-------
Melee: War axe           |    74 |   165 |   310 |   457 ||  1006
       Punch             |       |       |       |     2 ||     2
Invok: Heroism           |       |       |       |     5 ||     5
 Abil: Dig               |       |       |       |     3 ||     3
       Shaft Self        |       |       |       |     1 ||     1
  Use: Potion            |       |     7 |     2 |     5 ||    14
       Scroll            |       |       |       |    22 ||    22
 Stab: Sleeping          |     1 |       |       |       ||     1
  Eat: Ration            |     1 |     1 |     2 |     7 ||    11
       Chunk             |     1 |     1 |     3 |       ||     5
Armor: Leather armour    |    13 |    29 |     2 |       ||    44
       Skin              |       |    41 |     4 |       ||    45
       Scale mail        |       |       |    28 |       ||    28
       Plate armour      |       |       |    90 |   208 ||   298
Dodge: Dodged            |    41 |   118 |   100 |   120 ||   379
